 Dungeon Crawl Stone Soup version 0.16-a0-328-gfd822c7 (webtiles) character file.

81 Ratboiler the Insei (level 4, 0/28 HPs)
             Began as an Octopode Transmuter on Sept 6, 2014.
             Succumbed to an adder's poison
             ... on Level 3 of the Dungeon.
             The game lasted 00:05:10 (2350 turns).

Ratboiler the Insei (Octopode Transmuter)           Turns: 2350, Time: 00:05:10

HP   0/28        AC  1     Str  9      XL: 4   Next: 42%
MP   7/7         EV 12     Int 20      God:
Gold 157         SH  0     Dex 13      Spells:  3 memorised,  1 level left

rFire  . . .     SeeInvis .       - Unarmed
rCold  . . .     Clarity  .     (no shield)
rNeg   . . .     rCorr    .     (helmet restricted)
rPois  .         rRot     .     (no amulet)
rElec  .         Spirit   .     (no ring)
SustAb .         Warding  .     (no ring)
rMut   .         Stasis   .     (no ring)
Gourm  .                        (no ring)
MR     .....                    (no ring)
                                (no ring)
                                (no ring)
                                (no ring)

@: brilliant, lethally poisoned, flying, not resistant to hostile enchantments,
unstealthy
A: almost no armour, amphibious, 8 rings, constrict 8, camouflage 1, gelatinous
body 1
a: no special abilities


You were on level 3 of the Dungeon.
You were not hungry.

You visited 1 branch of the dungeon, and saw 3 of its levels.

You collected 157 gold pieces.

Inventory:

Missiles
 b - 33 arrows
 c - 13 stones (quivered)
 g - 7 curare-tipped needles
Armour
 e - a +0 shield
Comestibles
 a - 4 bread rations
 i - a meat ration
 l - a beef jerky
 p - a rotting chunk of giant gecko flesh
 q - a rotting chunk of adder flesh
 s - a chunk of giant cockroach flesh
Scrolls
 k - 6 scrolls of identify {unknown}
 m - 2 scrolls of magic mapping {unknown}
 n - a scroll of teleportation {unknown}
 o - a scroll of remove curse {unknown}
Books
 d - a book of Changes

   Spells                             Type                      Level
   *Beastly Appendage                 Transmutation                1
   *Sticks to Snakes                  Transmutation                2
   *Spider Form                       Transmutation/Poison         3
   Ice Form                           Ice/Transmutation            4
   Blade Hands                        Transmutation                5


   Skills:
 - Level 1.0 Fighting
 - Level 2.0 Dodging
 + Level 5.1 Unarmed Combat
 - Level 2.0 Spellcasting
 - Level 2.0 Transmutations


You had one spell level left.
You knew the following spells:

 Your Spells              Type           Power        Failure   Level  Hunger
a - Beastly Appendage     Trmt           ###...       1%          1    #......
b - Sticks to Snakes      Trmt           ###.......   1%          2    ##.....
c - Spider Form           Trmt/Pois      ###.......   3%          3    ###....


Dungeon Overview and Level Annotations

Branches:
Dungeon (3/15)

Altars:
Nemelex Xobeh


Innate Abilities, Weirdness & Mutations

You cannot wear most types of armour.
You are amphibious.
You can wear up to eight rings at the same time.
You can use your tentacles to constrict many enemies at once.
Your skin changes colour to match your surroundings (Stealth).
Your rubbery body absorbs attacks (AC +1).


Message History

You feel sick.
* * * LOW HITPOINT WARNING * * *
You feel sick.
* * * LOW HITPOINT WARNING * * *
You feel sick.
* * * LOW HITPOINT WARNING * * *
You feel sick.
* * * LOW HITPOINT WARNING * * *
You feel sick.
A jelly comes into view.
* * * LOW HITPOINT WARNING * * *
You feel sick.
The jelly quivers.
* * * LOW HITPOINT WARNING * * *
You feel sick.
* * * LOW HITPOINT WARNING * * *
You feel sick.
* * * LOW HITPOINT WARNING * * *
You feel sick.
You die...

...............#
#########J.....#
#......#
###.#### #..###
##...#####
###.....#
###...## #@...#
#.........#
######....#
##..## ..# ###


There were no monsters in sight!

Vanquished Creatures
  5 adders
  A worm (D:2)
  2 giant cockroaches
  5 hobgoblins
  4 bats
  4 giant geckos (D:2)
  4 giant newts
  5 goblins
  A kobold (D:2)
  5 rats
36 creatures vanquished.

Vanquished Creatures (others)
  2 jackals (D:2)
2 creatures vanquished.

Grand Total: 38 creatures vanquished

Notes
Turn   | Place    | Note
--------------------------------------------------------------
     0 | D:1      | Ratboiler, the Octopode Transmuter, began the quest for the Orb.
     0 | D:1      | Reached XP level 1. HP: 13/13 MP: 3/3
   472 | D:1      | Reached XP level 2. HP: 18/18 MP: 2/4
   476 | D:1      | Learned a level 2 spell: Sticks to Snakes
   863 | D:2      | Found a sparkling altar of Nemelex Xobeh.
  1078 | D:2      | Reached skill level 4 in Unarmed Combat
  1237 | D:2      | Reached XP level 3. HP: 19/23 MP: 4/6
  1242 | D:2      | Learned a level 3 spell: Spider Form
  2068 | D:2      | Reached XP level 4. HP: 28/28 MP: 3/7
  2194 | D:3      | Noticed an ice beast
  2319 | D:3      | Reached skill level 5 in Unarmed Combat
  2343 | D:3      | HP: 1/28 [poisoned by an adder]
  2350 | D:3      | Succumbed to an adder's poison

Action                   |  1- 3 |  4- 6 || total
-------------------------+-------+-------++-------
Melee: Unarmed           |    57 |    15 ||    72
Throw: Stone             |    10 |     2 ||    12
 Cast: Beastly Appendage |    10 |     1 ||    11
       Spider Form       |     2 |     2 ||     4
       Sticks to Snakes  |     2 |       ||     2
  Use: Potion            |       |     3 ||     3
       Scroll            |       |     1 ||     1
 Stab: Sleeping          |     6 |     1 ||     7
  Eat: Chunk             |     4 |     1 ||     5
